 Dungeon Crawl Stone Soup version 0.17-a0-1996-gd2c0ec8 (webtiles) character file.

151 SlimeFever the Insei (level 5, -1/33 HPs)
             Began as an Octopode Transmuter on Oct 7, 2015.
             Was an Initiate of Cheibriados.
             Slain by an orc
             ... wielding a +0 flail
              (3 damage)
             ... on level 3 of the Dungeon.
             The game lasted 00:14:21 (1784 turns).

SlimeFever the Insei (Octopode Transmuter)          Turns: 1784, Time: 00:14:21

Health: -1/33      AC:  1    Str: 11    XL:     5   Next: 33%
Magic:  7/9        EV: 13    Int: 17    God:    Cheibriados [......]
Gold:   132        SH:  0    Dex: 13    Spells: 2 memorised, 4 levels left

rFire  . . .     SeeInvis .       - Unarmed
rCold  . . .     Clarity  .     (no shield)
rNeg   . . .     SustAt   .     (helmet restricted)
rPois  +         Gourm    .     (no amulet)
rElec  .         Spirit   .     p - ring of poison resistance
rCorr  .         Warding  .     (no ring)
rMut   .         Stasis   .     (no ring)
MR     .....                    (no ring)
Stlth  ++........               (no ring)
                                (no ring)
                                (no ring)
                                (no ring)

@: appendage, very slightly contaminated, very slow, not resistant to hostile
enchantments, unstealthy
A: almost no armour, amphibious, 8 rings, constrict 8, tentacle spike 3,
camouflage 1, gelatinous body 1
a: End Transformation, Bend Time, Renounce Religion


You were on level 3 of the Dungeon.
You worshipped Cheibriados.
Cheibriados was noncommittal.
You were not hungry.
One of your tentacles had a temporary spike.
You visited 1 branch of the dungeon, and saw 3 of its levels.

You collected 132 gold pieces.

Inventory:

Hand Weapons
 b - a +0 hunting sling
 j - a +1 spear of piercing
Missiles
 a - 12 arrows
 l - 16 sling bullets
 m - 55 stones (quivered)
 n - 6 sling bullets of flame
Jewellery
 p - a ring of poison resistance (left tentacle)
Scrolls
 e - a scroll of identify
 h - a scroll of teleportation
Potions
 d - a potion of haste {unknown}
 g - 2 potions of curing
 i - 2 potions of brilliance
 s - a potion of mutation {unknown}
Books
 q - a book of Changes

   Spells                             Type                      Level
   a - Beastly Appendage              Transmutation                1
   b - Sticks to Snakes               Transmutation                2
   c - Spider Form                    Transmutation/Poison         3
   d - Ice Form                       Ice/Transmutation            4
   e - Blade Hands                    Transmutation                5
Comestibles
 f - a beef jerky
 o - a meat ration


   Skills:
 + Level 1.3 Fighting
 + Level 0.2 Slings
 * Level 3.1 Dodging
 + Level 0.4 Stealth
 * Level 4.0 Unarmed Combat
 + Level 2.7 Spellcasting
 * Level 3.0 Transmutations


You had 4 spell levels left.
You knew the following spells:

 Your Spells              Type           Power        Failure   Level  Hunger
a - Beastly Appendage     Trmt           ##....       6%          1    #......
b - Ice Form              Ice/Trmt       #.......     89%         4    #####..


Dungeon Overview and Level Annotations

Branches:
Dungeon (3/15)

Altars:
Cheibriados
Trog
Zin


Innate Abilities, Weirdness & Mutations

You cannot wear most types of armour.
You are amphibious.
You can wear up to eight rings at the same time.
You can use your tentacles to constrict eight enemies at once.
Your skin changes colour to match your surroundings (Stealth).
Your rubbery body absorbs attacks (AC +1).
One of your tentacles bears a large vicious spike.


Message History

The orc wizard casts a spell at you. The puff of frost hits you!
Casting: Beastly Appendage
Confirm with . or Enter, or press ? or * to list all spells.
One of your tentacles grows a vicious spike.
The orc barely misses you. x2
The orc wizard barely misses you.
You tentacle-slap the orc wizard. Your grab misses the orc wizard.
You pierce the orc wizard.
Your squeeze misses the orc wizard.
The orc wizard is lightly wounded.
The orc hits you with a club.
* * * LOW HITPOINT WARNING * * *
The orc misses you. The orc wizard hits you with a dagger.
* * * LOW HITPOINT WARNING * * *
You tentacle-slap the orc wizard. Your grab misses the orc wizard.
The orc wizard is moderately wounded.
The orc hits you with a club.
* * * LOW HITPOINT WARNING * * *
The orc hits you with a flail.
You die...

.###...##.#.##....)....***,_,***
.'.#...##.#.##.........#,,,,,,,**
.#.#._.##....#.........#,,,*,,,*,
.#.#......#..#.........#,,,*,,,*,
.#.##.###.#..#.........+*******+,
.#.##.# #.#..#..........,,,,,,,,,
.#....# #.#..#..........,,,,,,,,,
.##...###.#....ooo......,,,,*****
.####.+.#...#...@).(....,,,,*
###.#.#.#####.>.........,,,,*
#⌠._##.....####.........,,,,*
'...8#.###.# #.........,,,,*
#⌠._##.# #.# #.....(...,,,,*
###.##.###.# #.........,,,,*
*###.....# #.........,,,,*
####### ##########*****


You could see an orc wizard and 2 orcs.

Vanquished Creatures
  An orc priest (D:3)
  Terence (D:2)
  A gnoll (D:1)
  3 adders
  An ooze (D:1)
  2 worms
  An orc (D:3)
  8 bats
  4 giant cockroaches
  6 goblins
  9 hobgoblins
  3 kobolds
  2 ball pythons (D:1)
  2 giant newts (D:2)
  6 rats
50 creatures vanquished.

Notes
Turn   | Place    | Note
--------------------------------------------------------------
     0 | D:1      | SlimeFever the Octopode Transmuter began the quest for the Orb.
     0 | D:1      | Reached XP level 1. HP: 13/13 MP: 3/3
    58 | D:1      | Reached XP level 2. HP: 9/18 MP: 5/5
   338 | D:1      | Reached XP level 3. HP: 23/23 MP: 6/6
   956 | D:2      | Reached XP level 4. HP: 23/28 MP: 5/7
  1451 | D:2      | Noticed Terence
  1488 | D:2      | Learned a level 4 spell: Ice Form
  1501 | D:2      | Killed Terence
  1619 | D:2      | Reached skill level 4 in Unarmed Combat
  1683 | D:3      | Found a bloodstained altar of Trog.
  1683 | D:3      | Found a glowing silver altar of Zin.
  1706 | D:3      | Found a snail-covered altar of Cheibriados.
  1713 | D:3      | Reached XP level 5. HP: 27/33 MP: 8/8
  1736 | D:3      | Became a worshipper of Cheibriados the Contemplative
  1784 | D:3      | Slain by an orc

Vault maps used:
D:1:      dpeg_arrival_concentric_ovals
D:2:      uniq_terence
D:3:      cheibriados_altar_1, nicolae_ru_great_annihilating_truth,
          kb_xom_exploding_sheep, gammafunk_temple_overflow_statue,
          trog_three_pillars_becter

Action                   |  1- 3 |  4- 6 || total
-------------------------+-------+-------++-------
Melee: Unarmed           |    83 |    50 ||   133
 Fire: Hunting sling     |       |     3 ||     3
Throw: Stone             |     3 |       ||     3
 Cast: Beastly Appendage |    13 |     7 ||    20
  Use: Scroll            |     5 |     3 ||     8
 Stab: Sleeping          |     2 |     2 ||     4
  Eat: Bread ration      |       |     1 ||     1
